cohdb
Replays
Latest Replays
All Replays
Popular Replays
Top Player Replays
Match Explorer
How It Works
Community
CoH3 Stats
Reddit
Sign in to upload your games and track your stats! →
Sign in with Steam
Match 42161842
Unlisted
Match 42161842
Overview
Messages
Build Orders
End
Construct Barracks
1⁄4-ton 4x4 Truck
Riflemen Squad
Riflemen Squad
Riflemen Squad
Infantry Support Center
Riflemen Squad
Construct Motor Pool
M8 Greyhound Armored Car
Engineer Squad
M1 Mortar Team
M1918 Browning Automatic Rifles
M1 Anti-tank Gun Team
M8 Greyhound Armored Car
Selects Heavy Weapons
Selects Assault Carriers
Selects Halftrack Strongpoints
Grenade Package
M1 Anti-tank Gun Team
Selects M26 Pershing Heavy Tank
M26 Pershing Heavy Tank
Selects M2HB .50cal Heavy Machine Gun
Engineer Squad
Selects Rapid Reposition
Selects Black Dragon Artillery Barrage
Riflemen Squad
Black Dragon Artillery Barrage
M26 Pershing Heavy Tank
Tiensin
TechBee
Dave
FAT G
0
0
Comments
sign in to comment!
No comments posted yet!